Workbook

Sheet Plan de Acción
B1: PLAN DE ACCIÓN - PLAN DE DESARROLLO MUNICIPAL INSTITUTO MUNICIPAL DE EMPLEO Y FOMENTO EMPRESARIAL IMEBU | AC1: Código: F-DPM-1210-238,37-030
AC2: Versión: 1.0
AC3: Fecha aprobación: Marzo-24-2021
AC4: Página: 1 de 1
A5: FECHA DE SUSCRIPCIÓN: | D5: 44385
A6: FECHA DE CORTE: | D6: 44561
G7: PROYECTOS DE INVERSIÓN | L7: CUMPLIMIENTO DE META | O7: RECURSOS PROGRAMADOS | V7: RECURSOS EJECUTADOS | AB7: EJECUCIÓN PPTAL | AC7: RECURSOS GESTIONADOS | AD7: RESPONSABLES
A8: No. | B8: Línea estratégica | C8: Componente | D8: Programa | E8: Meta PDM | F8: Indicador de producto | G8: Código BPIM | H8: Nombre del Proyecto | I8: Actividades | J8: Fecha inicio | K8: Fecha de terminación | L8: Meta programada | M8: Meta ejecutada | N8: AVANCE | O8: Rubro | P8: RECURSOS PROPIOS MUNICIPIO | Q8: SGP | R8: SGR | S8: RECURSOS PROPIOS INSTITUTOS | T8: OTROS | U8: TOTAL PROGRAMADO | V8: RECURSOS PROPIOS MUNICIPIO | W8: SGP | X8: SGR | Y8: RECURSOS PROPIOS INSTITUTOS | Z8: OTROS | AA8: TOTAL EJECUTADO | AD8: Dependencia | AE8: Responsable
A9: 180 | B9: BUCARAMANGA PRODUCTIVA Y COMPETITIVA: EMPRESAS INNOVADORAS, RESPONSABLES Y CONSCIENTES | C9: Emprendimiento, Innovación, Formalización Y Dinamización Empresarial | D9: Emprendimiento E Innovación | E9: Fortalecer a 5.000 empresas, emprendimientos y/o unidades productivas, a través de la implementación de un programa de incubación y aceleración de emprendimientos innovadores articulados con el ecosistema de emprendimiento, que caracterice las capacidades tecnológicas instaladas (duras y blandas) con enfoque diferencial. | F9: Número de empresas, emprendimientos y/o unidades productivas fortalecidas a través de la implementación de un programa de incubación y aceleración de emprendimientos innovadores articulados con el ecosistema de emprendimiento, que caracterice las capacidades tecnológicas instaladas (duras y blandas) con enfoque diferencial. | G9: 20200680010157 | H9: FORTALECIMIENTO DEL COWORKING COMO ESTRATEGIA PARA EL EMPRENDIMIENTO, INNOVACIÓN, DINAMIZACIÓN Y ACELERACIÓN EMPRESARIAL EN EL MUNICIPIO DE BUCARAMANGA | I9: Actividad 1.1. Asesorar técnicamente a emprendedores y/o empresarios en etapa de aceleración en programas de formación empresarial. Actividad 2.1. Realizar adecuaciones en espacio para prestación de servicios de consultoria a emprendedores y/o empresarios en etapa de aceleración y Coworking. | L9: 1000 | M9: =801+20+150+73 -> 1044 | N9: =IF(M9/L9>100%,100%,M9/L9) -> 1 | O9: 2.3.2.02.02.007 2.3.2.02.02.009 | P9: 538000000 | U9: =SUM(P9:T9) -> 538000000 | V9: =+Gastos_DIC!S79 -> 526293333 | AA9: =SUM(V9:Z9) -> 526293333 | AB9: =IFERROR(AA9/U9,"-") -> 0.9782404 | AC9: 1.0391797e+09 | AD9: IMEBU | AE9: Luis Gonzalo Gómez Guerrero
A10: 182 | B10: BUCARAMANGA PRODUCTIVA Y COMPETITIVA: EMPRESAS INNOVADORAS, RESPONSABLES Y CONSCIENTES | C10: Emprendimiento, Innovación, Formalización Y Dinamización Empresarial | D10: Centros De Desarrollo Empresarial | E10: Implementar 1 programa de desarrollo empresarial y de empleabilidad para las micro y pequeñas empresas (incluyendo unidades productivas). | F10: Número de programas de desarrollo empresariales y de empleabilidad implementados para las micro y pequeñas empresas (incluyendo unidades productivas). | G10: 20200680010074 | H10: FORTALECIMIENTO DEL CENTRO DE DESARROLLO EMPRESARIAL Y DE EMPLEABILIDAD EN EL MUNICIPIO DE BUCARAMANGA | I10: Asesorar a emprendedores y empresarios en programas de formación empresarial (Modelo de Negocios y diseño Planes de Mejora) Implementar un programa de comercialización virtual de productos y/o servicios. Implementar Estrategia comunitaria para el emprendimiento y el desarrollo empresarial. Formulación de la estrategia de reactivación y sostenimiento de la economía Brindar acompañamiento a los proyectos productivos de la población victima | L10: 1 | M10: 1 | N10: =IF(M10/L10>100%,100%,M10/L10) -> 1 | O10: 2.3.2.02.01.002 2.3.2.02.01.004 2.3.2.02.02.006 2.3.2.02.02.007 2.3.2.02.02.009 | P10: =Gastos_DIC!K78-P11-P12-P13 -> 3.5125e+09 | U10: =SUM(P10:T10) -> 3.5125e+09 | V10: =(+Gastos_DIC!S78-V11)/3 -> 4.6334275e+08 | AA10: =SUM(V10:Z10) -> 4.6334275e+08 | AB10: =IFERROR(AA10/U10,"-") -> 0.13191253 | AC10: 94428869 | AD10: IMEBU | AE10: Luis Gonzalo Gómez Guerrero
A11: 183 | B11: BUCARAMANGA PRODUCTIVA Y COMPETITIVA: EMPRESAS INNOVADORAS, RESPONSABLES Y CONSCIENTES | C11: Emprendimiento, Innovación, Formalización Y Dinamización Empresarial | D11: Centros De Desarrollo Empresarial | E11: Desarrollar el modelo CDE virtual para que amplíen la cobertura en la ciudad. | F11: Porcentaje de avance en el desarrollo del modelo CDE virtual para que amplíen la cobertura en la ciudad. | G11: 20200680010074 | H11: FORTALECIMIENTO DEL CENTRO DE DESARROLLO EMPRESARIAL Y DE EMPLEABILIDAD EN EL MUNICIPIO DE BUCARAMANGA | I11: Fortalecer el Centro de Desarrollo Empresarial y de Empleabilidad en el municipio de Bucaramanga. | L11: 0.25 | M11: 0.25 | N11: =IF(M11/L11>100%,100%,M11/L11) -> 1 | O11: 2.3.2.02.01.002 2.3.2.02.01.004 2.3.2.02.02.006 2.3.2.02.02.007 2.3.2.02.02.009 | P11: 161591373 | U11: =SUM(P11:T11) -> 161591373 | V11: 90000000 | AA11: =SUM(V11:Z11) -> 90000000 | AB11: =IFERROR(AA11/U11,"-") -> 0.55696043 | AD11: IMEBU | AE11: Luis Gonzalo Gómez Guerrero
A12: 184 | B12: BUCARAMANGA PRODUCTIVA Y COMPETITIVA: EMPRESAS INNOVADORAS, RESPONSABLES Y CONSCIENTES | C12: Emprendimiento, Innovación, Formalización Y Dinamización Empresarial | D12: Centros De Desarrollo Empresarial | E12: Formar a 7.000 emprendedores a través de un programa de formación teórica, empresarial y/o artesanal con enfoque diferencial para emprendimientos artísticos, culturales, creativos, negocios verdes, microempresarios y/o unidades productivas urbanas y rurales. | F12: Número de emprendedores formados a través de un programa de formación teórica, empresarial y/o artesanal con enfoque diferencial para emprendimientos artísticos, culturales, creativos, negocios verdes, microempresarios y/o unidades productivas urbanas y rurales. | G12: 20200680010074 | H12: FORTALECIMIENTO DEL CENTRO DE DESARROLLO EMPRESARIAL Y DE EMPLEABILIDAD EN EL MUNICIPIO DE BUCARAMANGA | I12: Formar a emprendedores y empresarios a través de programas de visualización de productos y/o servicios a través de canales virtuales. | L12: 1200 | M12: =196+796+1330+198+153 -> 2673 | N12: =IF(M12/L12>100%,100%,M12/L12) -> 1 | O12: 2.3.2.02.01.002 2.3.2.02.01.004 2.3.2.02.02.006 2.3.2.02.02.007 2.3.2.02.02.009 | P12: 4.825e+08 | U12: =SUM(P12:T12) -> 4.825e+08 | V12: 4.6334275e+08 | AA12: =SUM(V12:Z12) -> 4.6334275e+08 | AB12: =IFERROR(AA12/U12,"-") -> 0.96029585 | AC12: 94428869 | AD12: IMEBU | AE12: Luis Gonzalo Gómez Guerrero
A13: 185 | B13: BUCARAMANGA PRODUCTIVA Y COMPETITIVA: EMPRESAS INNOVADORAS, RESPONSABLES Y CONSCIENTES | C13: Emprendimiento, Innovación, Formalización Y Dinamización Empresarial | D13: Centros De Desarrollo Empresarial | E13: Implementar en 4.000 mipymes planes estratégicos orientados a innovar y/o incorporación tecnológica en áreas empresariales estratégicas con apoyo de Universidades y actores económicos clave. | F13: Número de mipymes con planes estratégicos implementados orientados a innovar y/o incorporación tecnológica en áreas empresariales estratégicas con apoyo de Universidades y actores económicos clave. | G13: 20200680010074 | H13: FORTALECIMIENTO DEL CENTRO DE DESARROLLO EMPRESARIAL Y DE EMPLEABILIDAD EN EL MUNICIPIO DE BUCARAMANGA | I13: Identificar habilidades y destrezas de emprendedores, empresarios y ciudadanos para orientarlos hacia el emprendimiento o la empleabilidad. | L13: 500 | M13: 540 | N13: =IF(M13/L13>100%,100%,M13/L13) -> 1 | O13: 2.3.2.02.01.002 2.3.2.02.01.004 2.3.2.02.02.006 2.3.2.02.02.007 2.3.2.02.02.009 | P13: 4.825e+08 | U13: =SUM(P13:T13) -> 4.825e+08 | V13: 4.6334275e+08 | AA13: =SUM(V13:Z13) -> 4.6334275e+08 | AB13: =IFERROR(AA13/U13,"-") -> 0.96029585 | AC13: 94428869 | AD13: IMEBU | AE13: Luis Gonzalo Gómez Guerrero
A14: 186 | B14: BUCARAMANGA PRODUCTIVA Y COMPETITIVA: EMPRESAS INNOVADORAS, RESPONSABLES Y CONSCIENTES | C14: Emprendimiento, Innovación, Formalización Y Dinamización Empresarial | D14: Banca Ciudadana | E14: Intervenir a 4.000 empresas y/o emprendimientos mediante apalancamiento financiero orientado a realizar inversión en innovación y/o tecnología en la zona rural y urbana con enfoque diferencial. | F14: Número de empresas y/o emprendimientos intervenidos mediante apalancamiento financiero orientado a realizar inversión en innovación y/o tecnología en la zona rural y urbana con enfoque diferencial. | H14: Por definir | I14: Pasivo exigible | L14: 600 | M14: 234 | N14: =IF(M14/L14>100%,100%,M14/L14) -> 0.39 | O14: 2.3.7.05.03 | P14: =+Gastos_DIC!K81/2 -> 1.7678271e+09 | U14: =SUM(P14:T15) -> 1.7678271e+09 | V14: =+Gastos_DIC!S81/2 -> 1.7654278e+09 | AA14: =SUM(V14:Z15) -> 1.7654278e+09 | AB14: =IFERROR(AA14/U14,"-") -> 0.99864277 | AD14: IMEBU | AE14: Luis Gonzalo Gómez Guerrero
A15: 186 | B15: BUCARAMANGA PRODUCTIVA Y COMPETITIVA: EMPRESAS INNOVADORAS, RESPONSABLES Y CONSCIENTES | C15: Emprendimiento, Innovación, Formalización Y Dinamización Empresarial | D15: Banca Ciudadana | E15: Intervenir a 4.000 empresas y/o emprendimientos mediante apalancamiento financiero orientado a realizar inversión en innovación y/o tecnología en la zona rural y urbana con enfoque diferencial. | F15: Número de empresas y/o emprendimientos intervenidos mediante apalancamiento financiero orientado a realizar inversión en innovación y/o tecnología en la zona rural y urbana con enfoque diferencial. | G15: 20200680010084 | H15: APOYO DEL FONDO DE FOMENTO Y CRÉDITO DE APOYO DEL IMEBU, PROGRAMA BANCA CIUDADANA EN EL MUNICIPIO DE BUCARAMANGA | O15: 2.3.2.02.02.009
A16: 187 | B16: BUCARAMANGA PRODUCTIVA Y COMPETITIVA: EMPRESAS INNOVADORAS, RESPONSABLES Y CONSCIENTES | C16: Emprendimiento, Innovación, Formalización Y Dinamización Empresarial | D16: Banca Ciudadana | E16: Otorgar 6.000 créditos a emprendimientos y mipymes de orientados a capital de trabajo o destinos de inversión diferente a innovación y/o tecnología en zonas urbanas y rurales. | F16: Número de créditos otorgados a emprendimientos y mipymes de orientados a capital de trabajo o destinos de inversión diferente a innovación y/o tecnología en zonas urbanas y rurales. | G16: 20200680010084 | H16: APOYO DEL FONDO DE FOMENTO Y CRÉDITO DE APOYO DEL IMEBU, PROGRAMA BANCA CIUDADANA EN EL MUNICIPIO DE BUCARAMANGA | I16: Actividad 1.1. Otorgar créditos para el emprendimiento y/o fortalecimiento financiero de empresas orientadas a la innovación y/o incorporación de tecnología. Actividad 1.2. Otorgar créditos para el emprendimiento y/o fortalecimiento financiero de empresas orientados a capital de trabajo, nómina y/o activos fijos. Actividad 2.1. Realizar acompañamiento técnico y visitas pos crédito a los emprendimientos y/o empresas apoyadas. | L16: 1600 | M16: 1648 | N16: =IF(M16/L16>100%,100%,M16/L16) -> 1 | O16: 2.3.6.01.04.003 | P16: =(+Gastos_DIC!K81/2)+Gastos_DIC!K82+Gastos_DIC!K83 -> 2.2928272e+09 | U16: =SUM(P16:T17) -> 2.2928272e+09 | V16: =+(Gastos_DIC!X81/2)+Gastos_DIC!X82+Gastos_DIC!X83 -> 2.0804278e+09 | AA16: =SUM(V16:Z17) -> 2.0804278e+09 | AB16: =IFERROR(AA16/U16,"-") -> 0.90736354 | AD16: IMEBU | AE16: Luis Gonzalo Gómez Guerrero
A17: 187 | B17: BUCARAMANGA PRODUCTIVA Y COMPETITIVA: EMPRESAS INNOVADORAS, RESPONSABLES Y CONSCIENTES | C17: Emprendimiento, Innovación, Formalización Y Dinamización Empresarial | D17: Banca Ciudadana | E17: Otorgar 6.000 créditos a emprendimientos y mipymes de orientados a capital de trabajo o destinos de inversión diferente a innovación y/o tecnología en zonas urbanas y rurales. | F17: Número de créditos otorgados a emprendimientos y mipymes de orientados a capital de trabajo o destinos de inversión diferente a innovación y/o tecnología en zonas urbanas y rurales. | G17: 20210680010193 | H17: APOYO A LA LÍNEA DE CRÉDITO CONDONABLE DEL FONDO DE FOMENTO Y CRÉDITO DEL IMEBU, PROGRAMA BANCA CIUDADANA PARA POBLACIÓN VÍCTIMA DEL CONFLICTO ARMADO RESIDENTE EN EL MUNICIPIO DE BUCARAMANGA | I17: Implementar (1) apoyo a la línea de crédito condonable del fondo de fomento y crédito | O17: 2.3.6.01.04.003
A18: 188 | B18: BUCARAMANGA PRODUCTIVA Y COMPETITIVA: EMPRESAS INNOVADORAS, RESPONSABLES Y CONSCIENTES | C18: Empleabilidad, Empleo Y Trabajo Decente | D18: Empleo Y Empleabilidad | E18: Registrar 5.000 hojas de vida para facilitar el proceso de inserción en el mercado laboral identificando habilidades, destrezas y que competencias para el trabajo. | F18: Número de hojas de vida registradas para facilitar el proceso de inserción en el mercado laboral identificando habilidades, destrezas y que competencias para el trabajo. | G18: 20200680010061 | H18: FORTALECIMIENTO DE LA OFICINA DE FOMENTO A LA EMPLEABILIDAD, EL EMPLEO Y EL TRABAJO DECENTE EN EL MUNICIPIO DE BUCARAMANGA | I18: Actividad 1.1.1. Brindar formación en competencias personales y/o técnicas para el trabajo Actividad 1.1.2. Realizar intermediación laboral entre oferentes de trabajo y buscadores de empleo. Actividad 2.1. Ofrecer acompañamiento a las empresas en la estructuración y selección de perfiles adecuados a sus requerimientos. Actividad 3.1. Formular la política pública de empleo y trabajo decente de la ciudad. | L18: 1200 | M18: 3996 | N18: =IF(M18/L18>100%,100%,M18/L18) -> 1 | O18: 2.3.2.02.02.009 | P18: 59633333 | S18: 83333.333 | U18: =SUM(P18:T18) -> 59716667 | V18: =+Gastos_DIC!S80/3 -> 59066666 | AA18: =SUM(V18:Z18) -> 59066666 | AB18: =IFERROR(AA18/U18,"-") -> 0.98911526 | AD18: IMEBU | AE18: Luis Gonzalo Gómez Guerrero
A19: 189 | B19: BUCARAMANGA PRODUCTIVA Y COMPETITIVA: EMPRESAS INNOVADORAS, RESPONSABLES Y CONSCIENTES | C19: Empleabilidad, Empleo Y Trabajo Decente | D19: Empleo Y Empleabilidad | E19: Formar 3.000 jóvenes y adultos en competencias personales y/o técnicas para el trabajo con el fin de facilitar su inserción en el mercado laboral. | F19: Número de jóvenes y adultos formados en competencias personales y/o técnicas para el trabajo con el fin de facilitar su inserción en el mercado laboral. | G19: 20200680010061 | H19: FORTALECIMIENTO DE LA OFICINA DE FOMENTO A LA EMPLEABILIDAD, EL EMPLEO Y EL TRABAJO DECENTE EN EL MUNICIPIO DE BUCARAMANGA | L19: 700 | M19: 2960 | N19: =IF(M19/L19>100%,100%,M19/L19) -> 1 | O19: 2.3.2.02.02.009 | P19: 59633333 | S19: 83333.333 | U19: =SUM(P19:T19) -> 59716667 | V19: 59066666 | AA19: =SUM(V19:Z19) -> 59066666 | AB19: =IFERROR(AA19/U19,"-") -> 0.98911526 | AD19: IMEBU | AE19: Luis Gonzalo Gómez Guerrero
A20: 190 | B20: BUCARAMANGA PRODUCTIVA Y COMPETITIVA: EMPRESAS INNOVADORAS, RESPONSABLES Y CONSCIENTES | C20: Empleabilidad, Empleo Y Trabajo Decente | D20: Empleo Y Empleabilidad | E20: Acompañar a 1.500 empresas en el fomento de una cultura del empleo y trabajo decente para capturar vacantes que permitan realizar la intermediación laboral. | F20: Número de empresas acompañadas en el fomento de una cultura del empleo y trabajo decente para capturar vacantes que permitan realizar la intermediación laboral. | G20: 20200680010061 | H20: FORTALECIMIENTO DE LA OFICINA DE FOMENTO A LA EMPLEABILIDAD, EL EMPLEO Y EL TRABAJO DECENTE EN EL MUNICIPIO DE BUCARAMANGA | L20: 370 | M20: 1056 | N20: =IF(M20/L20>100%,100%,M20/L20) -> 1 | O20: 2.3.2.02.02.009 | P20: 59633333 | S20: 83333.333 | U20: =SUM(P20:T20) -> 59716667 | V20: 59066666 | AA20: =SUM(V20:Z20) -> 59066666 | AB20: =IFERROR(AA20/U20,"-") -> 0.98911526 | AD20: IMEBU | AE20: Luis Gonzalo Gómez Guerrero
A21: 302 | B21: BUCARAMANGA TERRITORIO LIBRE DE CORRUPCIÓN: INSTITUCIONES SÓLIDAS Y CONFIABLES | C21: Administración Pública Moderna E Innovadora | D21: Gobierno Fortalecido Para Ser Y Hacer | E21: Mantener en funcionamiento el 100% de los programas del Instituto Municipal del Empleo. | F21: Porcentaje de los programas de Instituto Municipal del Empleo mantenidos en funcionamiento. | H21: Por definir | L21: 1 | M21: 1 | N21: =IF(M21/L21>100%,100%,M21/L21) -> 1 | O21: 2.1. | P21: =+Gastos_DIC!K9 -> 2587480364 | S21: 9050000 | U21: =SUM(P21:T21) -> 2596530364 | V21: =+Gastos_DIC!S9 -> 2444841751 | AA21: =SUM(V21:Z21) -> 2444841751 | AB21: =IFERROR(AA21/U21,"-") -> 0.94158027 | AD21: IMEBU | AE21: Luis Gonzalo Gómez Guerrero
A22: =SUM(--(FREQUENCY(A9:A21,A9:A21)>0)) -> 11 | M22: TOTALES | N22: =IFERROR(AVERAGE(N9:N21),"-") -> 0.94454545 | P22: =SUM(P9:P21) -> 1.2004126e+10 | Q22: =SUM(Q9:Q21) -> 0 | R22: =SUM(R9:R21) -> 0 | S22: =SUM(S9:S21) -> 9300000 | T22: =SUM(T9:T21) -> 0 | U22: =SUM(U9:U21) -> 1.2013426e+10 | V22: =SUM(V9:V21) -> 8.4742189e+09 | W22: =SUM(W9:W21) -> 0 | ... AA22: =SUM(AA9:AA21) -> 8.4742189e+09 | AB22: =IFERROR(AA22/U22,"-") -> 0.70539569 | AC22: =SUM(AC9:AC21) -> 1.3224663e+09

Sheet Gastos_DIC
A1: INSTITUTO MUNICIPAL DE EMPLEO Y FOMENTO EMPRESARIAL - IMEBU
A2: NIT: 00804014968 - 1
A3: EJECUCION PRESUPUESTAL DE GASTOS
A4: Periodo comprendido entre 01-01-2021 y 31-12-2021
K5: PRESUPUESTO DEFINITIVO | N5: CDP | S5: RP | X5: PAGOS
A7: Codigo de Control | B7: Rubro Presupuestal | C7: Unidad Ejecutora | D7: Descripción | E7: PROYECTO | F7: Fuente | G7: Presupuesto Inicial | H7: Adiciones | I7: Créditos | J7: Contracréditos | K7: Presupuesto Definitivo | L7: Cdps Mes Anterior | M7: Cdps Mes Actual | N7: Total Ejecutado Segun Cdps | O7: Cdps Vigencia Futura | P7: Saldo por Ejecutar | Q7: Compromisos Mes Anterior | R7: Total Compromisos mes Actual | S7: Total Compromisos | T7: Saldo por Comprometer | U7: Total Obligaciones | V7: Pagos Mes Anterior | W7: Total Pagos Periodo | X7: Total Pagos | Y7: Saldo por Pagar
B8: 2 | C8: IMEB | D8: Gastos | E8: 1 | G8: 4009300000 | H8: 7.994826e+09 | I8: 1297995686 | J8: 1297995686 | K8: 1.2004126e+10 | L8: 0 | M8: 8474234671 | N8: 8474234671 | O8: 0 | P8: 3.5298913e+09 | Q8: 0 | R8: 8474218895 | S8: 8474218895 | T8: 3.5299071e+09 | U8: 8474218895 | V8: 0 | W8: 7964487910 | X8: 7964487910 | Y8: 509730985
B9: 2.1 | C9: IMEB | D9: Funcionamiento | E9: funcionamiento | G9: 2568050000 | H9: 43430364 | I9: 137946298 | J9: 161946298 | K9: 2587480364 | L9: 0 | M9: 2444857527 | N9: 2444857527 | O9: 0 | P9: 142622837 | Q9: 0 | R9: 2444841751 | S9: 2444841751 | T9: 142638613 | U9: 2444841751 | V9: 0 | W9: 2245085766 | X9: 2245085766 | Y9: 199755985
B10: 2.1.1 | C10: IMEB | D10: Gastos de personal | G10: 1365526019 | H10: 0 | I10: 21066197 | J10: 15116197 | K10: 1371476019 | L10: 0 | M10: 1313208644 | N10: 1313208644 | O10: 0 | P10: 58267375 | Q10: 0 | R10: 1313192868 | S10: 1313192868 | T10: 58283151 | U10: 1313192868 | V10: 0 | W10: 1240461623 | X10: 1240461623 | Y10: 72731245
B11: 2.1.1.01 | C11: IMEB | D11: Planta de personal permanente | G11: 1365526019 | H11: 0 | I11: 21066197 | J11: 15116197 | K11: 1371476019 | L11: 0 | M11: 1313208644 | N11: 1313208644 | O11: 0 | P11: 58267375 | Q11: 0 | R11: 1313192868 | S11: 1313192868 | T11: 58283151 | U11: 1313192868 | V11: 0 | W11: 1240461623 | X11: 1240461623 | Y11: 72731245
B12: 2.1.1.01.01 | C12: IMEB | D12: Factores constitutivos de salario | G12: 970216272 | H12: 0 | I12: 14375289 | J12: 15116197 | K12: 969475364 | L12: 0 | M12: 927941393 | N12: 927941393 | O12: 0 | P12: 41533971 | Q12: 0 | R12: 927941393 | S12: 927941393 | T12: 41533971 | U12: 927941393 | V12: 0 | W12: 915090519 | X12: 915090519 | Y12: 12850874
B13: 2.1.1.01.01.001 | C13: IMEB | D13: Factores salariales comunes | G13: 960610171 | H13: 0 | I13: 14375289 | J13: 15116197 | K13: 959869263 | L13: 0 | M13: 919088703 | N13: 919088703 | O13: 0 | P13: 40780560 | Q13: 0 | R13: 919088703 | S13: 919088703 | T13: 40780560 | U13: 919088703 | V13: 0 | W13: 912672718 | X13: 912672718 | Y13: 6415985
A14: 210003 | B14: 2.1.1.01.01.001.01 | C14: IMEB | D14: Sueldo básico | F14: TRM | G14: 763499028 | H14: 0 | I14: 0 | J14: 15116197 | K14: 748382831 | L14: 0 | M14: 713928327 | N14: 713928327 | O14: 0 | P14: 34454504 | Q14: 0 | R14: 713928327 | S14: 713928327 | T14: 34454504 | U14: 713928327 | V14: 0 | W14: 713928327 | X14: 713928327 | Y14: 0
A15: 210004 | B15: 2.1.1.01.01.001.06 | C15: IMEB | D15: Prima de servicios | F15: TRM | G15: 65480645 | H15: 0 | I15: 0 | J15: 0 | K15: 65480645 | L15: 0 | M15: 63872384 | N15: 63872384 | O15: 0 | P15: 1608261 | Q15: 0 | R15: 63872384 | S15: 63872384 | T15: 1608261 | U15: 63872384 | V15: 0 | W15: 63872384 | X15: 63872384 | Y15: 0
A16: 210005 | B16: 2.1.1.01.01.001.07 | C16: IMEB | D16: Bonificación por servicios prestados | F16: TRM | G16: 22268721 | H16: 0 | I16: 5863242 | J16: 0 | K16: 28131963 | L16: 0 | M16: 28131963 | N16: 28131963 | O16: 0 | P16: 0 | Q16: 0 | R16: 28131963 | S16: 28131963 | T16: 0 | U16: 28131963 | V16: 0 | W16: 25660693 | X16: 25660693 | Y16: 2471270
B17: 2.1.1.01.01.001.08 | C17: IMEB | D17: Prestaciones sociales | G17: 109361777 | H17: 0 | I17: 8512047 | J17: 0 | K17: 117873824 | L17: 0 | M17: 113156029 | N17: 113156029 | O17: 0 | P17: 4717795 | Q17: 0 | R17: 113156029 | S17: 113156029 | T17: 4717795 | U17: 113156029 | V17: 0 | W17: 109211314 | X17: 109211314 | Y17: 3944715
A18: 210006 | B18: 2.1.1.01.01.001.08.01 | C18: IMEB | D18: Prima de navidad | F18: TRM | G18: 73893091 | H18: 0 | I18: 0 | J18: 0 | K18: 73893091 | L18: 0 | M18: 69175296 | N18: 69175296 | O18: 0 | P18: 4717795 | Q18: 0 | R18: 69175296 | S18: 69175296 | T18: 4717795 | U18: 69175296 | V18: 0 | W18: 69175296 | X18: 69175296 | Y18: 0
A19: 210007 | B19: 2.1.1.01.01.001.08.02 | C19: IMEB | D19: Prima de vacaciones | F19: TRM | G19: 35468686 | H19: 0 | I19: 8512047 | J19: 0 | K19: 43980733 | L19: 0 | M19: 43980733 | N19: 43980733 | O19: 0 | P19: 0 | Q19: 0 | R19: 43980733 | S19: 43980733 | T19: 0 | U19: 43980733 | V19: 0 | W19: 40036018 | X19: 40036018 | Y19: 3944715
A20: 210008 | B20: 2.1.1.01.01.002 | C20: IMEB | D20: Factores salariales especiales | F20: TRM | G20: 9606101 | H20: 0 | I20: 0 | J20: 0 | K20: 9606101 | L20: 0 | M20: 8852690 | N20: 8852690 | O20: 0 | P20: 753411 | Q20: 0 | R20: 8852690 | S20: 8852690 | T20: 753411 | U20: 8852690 | V20: 0 | W20: 2417801 | X20: 2417801 | Y20: 6434889
B21: 2.1.1.01.02 | C21: IMEB | D21: Contribuciones inherentes a la nómina | G21: 329997349 | H21: 0 | I21: 0 | J21: 0 | K21: 329997349 | L21: 0 | M21: 316802750 | N21: 316802750 | O21: 0 | P21: 13194599 | Q21: 0 | R21: 316786974 | S21: 316786974 | T21: 13210375 | U21: 316786974 | V21: 0 | W21: 263162903 | X21: 263162903 | Y21: 53624071
A22: 210009 | B22: 2.1.1.01.02.001 | C22: IMEB | D22: Aportes a la seguridad social en pensiones | F22: TRM | G22: 94292130 | H22: 0 | I22: 0 | J22: 0 | K22: 94292130 | L22: 0 | M22: 91496289 | N22: 91496289 | O22: 0 | P22: 2795841 | Q22: 0 | R22: 91488401 | S22: 91488401 | T22: 2803729 | U22: 91488401 | V22: 0 | W22: 91488401 | X22: 91488401 | Y22: 0
A23: 210010 | B23: 2.1.1.01.02.002 | C23: IMEB | D23: Aportes a la seguridad social en salud | F23: TRM | G23: 66790259 | H23: 0 | I23: 0 | J23: 0 | K23: 66790259 | L23: 0 | M23: 64810650 | N23: 64810650 | O23: 0 | P23: 1979609 | Q23: 0 | R23: 64802762 | S23: 64802762 | T23: 1987497 | U23: 64802762 | V23: 0 | W23: 64802762 | X23: 64802762 | Y23: 0
A24: 210011 | B24: 2.1.1.01.02.003 | C24: IMEB | D24: Aportes de cesantías | F24: TRM | G24: 80050848 | H24: 0 | I24: 0 | J24: 0 | K24: 80050848 | L24: 0 | M24: 73772411 | N24: 73772411 | O24: 0 | P24: 6278437 | Q24: 0 | R24: 73772411 | S24: 73772411 | T24: 6278437 | U24: 73772411 | V24: 0 | W24: 20148340 | X24: 20148340 | Y24: 53624071
A25: 210012 | B25: 2.1.1.01.02.004 | C25: IMEB | D25: Aportes a cajas de compensación familiar | F25: TRM | G25: 37549513 | H25: 0 | I25: 0 | J25: 0 | K25: 37549513 | L25: 0 | M25: 36789400 | N25: 36789400 | O25: 0 | P25: 760113 | Q25: 0 | R25: 36789400 | S25: 36789400 | T25: 760113 | U25: 36789400 | V25: 0 | W25: 36789400 | X25: 36789400 | Y25: 0
A26: 210013 | B26: 2.1.1.01.02.005 | C26: IMEB | D26: Aportes generales al sistema de riesgos laborales | F26: TRM | G26: 4377708 | H26: 0 | I26: 0 | J26: 0 | K26: 4377708 | L26: 0 | M26: 3938700 | N26: 3938700 | O26: 0 | P26: 439008 | Q26: 0 | R26: 3938700 | S26: 3938700 | T26: 439008 | U26: 3938700 | V26: 0 | W26: 3938700 | X26: 3938700 | Y26: 0
A27: 210014 | B27: 2.1.1.01.02.006 | C27: IMEB | D27: Aportes al ICBF | F27: TRM | G27: 28162135 | H27: 0 | I27: 0 | J27: 0 | K27: 28162135 | L27: 0 | M27: 27596000 | N27: 27596000 | O27: 0 | P27: 566135 | Q27: 0 | R27: 27596000 | S27: 27596000 | T27: 566135 | U27: 27596000 | V27: 0 | W27: 27596000 | X27: 27596000 | Y27: 0
A28: 210015 | B28: 2.1.1.01.02.007 | C28: IMEB | D28: Aportes al SENA | F28: TRM | G28: 18774756 | H28: 0 | I28: 0 | J28: 0 | K28: 18774756 | L28: 0 | M28: 18399300 | N28: 18399300 | O28: 0 | P28: 375456 | Q28: 0 | R28: 18399300 | S28: 18399300 | T28: 375456 | U28: 18399300 | V28: 0 | W28: 18399300 | X28: 18399300 | Y28: 0
B29: 2.1.1.01.03 | C29: IMEB | D29: Remuneraciones no constitutivas de factor salarial | G29: 65312398 | H29: 0 | I29: 6690908 | J29: 0 | K29: 72003306 | L29: 0 | M29: 68464501 | N29: 68464501 | O29: 0 | P29: 3538805 | Q29: 0 | R29: 68464501 | S29: 68464501 | T29: 3538805 | U29: 68464501 | V29: 0 | W29: 62208201 | X29: 62208201 | Y29: 6256300
B30: 2.1.1.01.03.001 | C30: IMEB | D30: Prestaciones sociales | G30: 65312398 | H30: 0 | I30: 6690908 | J30: 0 | K30: 72003306 | L30: 0 | M30: 68464501 | N30: 68464501 | O30: 0 | P30: 3538805 | Q30: 0 | R30: 68464501 | S30: 68464501 | T30: 3538805 | U30: 68464501 | V30: 0 | W30: 62208201 | X30: 62208201 | Y30: 6256300
A31: 210016 | B31: 2.1.1.01.03.001.01 | C31: IMEB | D31: Vacaciones | F31: TRM | G31: 52020738 | H31: 0 | I31: 0 | J31: 0 | K31: 52020738 | L31: 0 | M31: 50287004 | N31: 50287004 | O31: 0 | P31: 1733734 | Q31: 0 | R31: 50287004 | S31: 50287004 | T31: 1733734 | U31: 50287004 | V31: 0 | W31: 44501422 | X31: 44501422 | Y31: 5785582
A32: 210017 | B32: 2.1.1.01.03.001.02 | C32: IMEB | D32: Indemnización por vacaciones | F32: TRM | G32: 9050000 | H32: 0 | I32: 5950000 | J32: 0 | K32: 15000000 | L32: 0 | M32: 13194929 | N32: 13194929 | O32: 0 | P32: 1805071 | Q32: 0 | R32: 13194929 | S32: 13194929 | T32: 1805071 | U32: 13194929 | V32: 0 | W32: 13194929 | X32: 13194929 | Y32: 0
A33: 210018 | B33: 2.1.1.01.03.001.03 | C33: IMEB | D33: Bonificacion especial de recreación | F33: TRM | G33: 4241660 | H33: 0 | I33: 740908 | J33: 0 | K33: 4982568 | L33: 0 | M33: 4982568 | N33: 4982568 | O33: 0 | P33: 0 | Q33: 0 | R33: 4982568 | S33: 4982568 | T33: 0 | U33: 4982568 | V33: 0 | W33: 4511850 | X33: 4511850 | Y33: 470718
B34: 2.1.2 | C34: IMEB | D34: Adquisición de bienes y servicios | G34: 1147202923 | H34: 43430364 | I34: 116880101 | J34: 146830101 | K34: 1160683287 | L34: 0 | M34: 1076327825 | N34: 1076327825 | O34: 0 | P34: 84355462 | Q34: 0 | R34: 1076327825 | S34: 1076327825 | T34: 84355462 | U34: 1076327825 | V34: 0 | W34: 989303085 | X34: 989303085 | Y34: 87024740
B35: 2.1.2.02 | C35: IMEB | D35: Adquisiciones diferentes de activos | G35: 1147202923 | H35: 43430364 | I35: 116880101 | J35: 146830101 | K35: 1160683287 | L35: 0 | M35: 1076327825 | N35: 1076327825 | O35: 0 | P35: 84355462 | Q35: 0 | R35: 1076327825 | S35: 1076327825 | T35: 84355462 | U35: 1076327825 | V35: 0 | W35: 989303085 | X35: 989303085 | Y35: 87024740
B36: 2.1.2.02.01 | C36: IMEB | D36: Materiales y suministros | G36: 145511858 | H36: 0 | I36: 35489168 | J36: 131004141 | K36: 49996885 | L36: 0 | M36: 47702363 | N36: 47702363 | O36: 0 | P36: 2294522 | Q36: 0 | R36: 47702363 | S36: 47702363 | T36: 2294522 | U36: 47702363 | V36: 0 | W36: 42702363 | X36: 42702363 | Y36: 5000000
A37: 210019 | B37: 2.1.2.02.01.002 | C37: IMEB | D37: Productos alimenticios, bebidas y tabaco; textiles, prendas de vestir y productos de cuero | F37: TRM | G37: 8421848 | H37: 0 | I37: 6576288 | J37: 1816313 | K37: 13181823 | L37: 0 | M37: 10887301 | N37: 10887301 | O37: 0 | P37: 2294522 | Q37: 0 | R37: 10887301 | S37: 10887301 | T37: 2294522 | U37: 10887301 | V37: 0 | W37: 10887301 | X37: 10887301 | Y37: 0
A38: 210020 | B38: 2.1.2.02.01.003 | C38: IMEB | D38: Otros bienes transportables (excepto productos metálicos, maquinaria y equipo) | F38: TRM | G38: 23087120 | H38: 0 | I38: 28912880 | J38: 23733938 | K38: 28266062 | L38: 0 | M38: 28266062 | N38: 28266062 | O38: 0 | P38: 0 | Q38: 0 | R38: 28266062 | S38: 28266062 | T38: 0 | U38: 28266062 | V38: 0 | W38: 28266062 | X38: 28266062 | Y38: 0
A39: 210021 | B39: 2.1.2.02.01.004 | C39: IMEB | D39: Productos metalicos y paquetes de software | F39: TRM | G39: 114002890 | H39: 0 | I39: 0 | J39: 105453890 | K39: 8549000 | L39: 0 | M39: 8549000 | N39: 8549000 | O39: 0 | P39: 0 | Q39: 0 | R39: 8549000 | S39: 8549000 | T39: 0 | U39: 8549000 | V39: 0 | W39: 3549000 | X39: 3549000 | Y39: 5000000
B40: 2.1.2.02.02 | C40: IMEB | D40: Adquisición de servicios | G40: 1001691065 | H40: 43430364 | I40: 81390933 | J40: 15825960 | K40: 1110686402 | L40: 0 | M40: 1028625462 | N40: 1028625462 | O40: 0 | P40: 82060940 | Q40: 0 | R40: 1028625462 | S40: 1028625462 | T40: 82060940 | U40: 1028625462 | V40: 0 | W40: 946600722 | X40: 946600722 | Y40: 82024740
A41: 210022 | B41: 2.1.2.02.02.006 | C41: IMEB | D41: Servicios de alojamiento; servicios de suministro de comidas y bebidas; servicios de transporte; y servicios de distribución de electricidad, gas y agua | F41: TRM | G41: 8557935 | H41: 0 | I41: 0 | J41: 6176298 | K41: 2381637 | L41: 0 | M41: 884756 | N41: 884756 | O41: 0 | P41: 1496881 | Q41: 0 | R41: 884756 | S41: 884756 | T41: 1496881 | U41: 884756 | V41: 0 | W41: 884756 | X41: 884756 | Y41: 0
A42: 210023 | B42: 2.1.2.02.02.007 | C42: IMEB | D42: Servicios financieros y servicios conexos, servicios inmobiliarios y servicios de leasing | F42: TRM | G42: 283223236 | H42: 0 | I42: 5958359 | J42: 355545 | K42: 288826050 | L42: 0 | M42: 288826050 | N42: 288826050 | O42: 0 | P42: 0 | Q42: 0 | R42: 288826050 | S42: 288826050 | T42: 0 | U42: 288826050 | V42: 0 | W42: 226543340 | X42: 226543340 | Y42: 62282710
A43: 210024 | B43: 2.1.2.02.02.008 | C43: IMEB | D43: Servicios prestados a las empresas y servicios de producción | F43: TRM | G43: 81634894 | H43: 43430364 | I43: 3594682 | J43: 9294117 | K43: 119365823 | L43: 0 | M43: 58865963 | N43: 58865963 | O43: 0 | P43: 60499860 | Q43: 0 | R43: 58865963 | S43: 58865963 | T43: 60499860 | U43: 58865963 | V43: 0 | W43: 47123933 | X43: 47123933 | Y43: 11742030
A44: 210025 | B44: 2.1.2.02.02.009 | C44: IMEB | D44: Servicios para la comunidad, sociales y personales | F44: TRM | G44: 628275000 | H44: 0 | I44: 71837892 | J44: 0 | K44: 700112892 | L44: 0 | M44: 680048693 | N44: 680048693 | O44: 0 | P44: 20064199 | Q44: 0 | R44: 680048693 | S44: 680048693 | T44: 20064199 | U44: 680048693 | V44: 0 | W44: 672048693 | X44: 672048693 | Y44: 8000000
B45: 2.1.3 | C45: IMEB | D45: Sentencias y Conciliaciones | G45: 40000000 | H45: 0 | I45: 0 | J45: 0 | K45: 40000000 | L45: 0 | M45: 40000000 | N45: 40000000 | O45: 0 | P45: 0 | Q45: 0 | R45: 40000000 | S45: 40000000 | T45: 0 | U45: 40000000 | V45: 0 | W45: 0 | X45: 0 | Y45: 40000000
B46: 2.1.3.13 | C46: IMEB | G46: 40000000 | H46: 0 | I46: 0 | J46: 0 | K46: 40000000 | L46: 0 | M46: 40000000 | N46: 40000000 | O46: 0 | P46: 0 | Q46: 0 | R46: 40000000 | S46: 40000000 | T46: 0 | U46: 40000000 | V46: 0 | W46: 0 | X46: 0 | Y46: 40000000
B47: 2.1.3.13.01 | C47: IMEB | D47: Fallos nacionales | G47: 40000000 | H47: 0 | I47: 0 | J47: 0 | K47: 40000000 | L47: 0 | M47: 40000000 | N47: 40000000 | O47: 0 | P47: 0 | Q47: 0 | R47: 40000000 | S47: 40000000 | T47: 0 | U47: 40000000 | V47: 0 | W47: 0 | X47: 0 | Y47: 40000000
A48: 210026 | B48: 2.1.3.13.01.001 | C48: IMEB | D48: Sentencias | F48: TRM | G48: 40000000 | H48: 0 | I48: 0 | J48: 0 | K48: 40000000 | L48: 0 | M48: 40000000 | N48: 40000000 | O48: 0 | P48: 0 | Q48: 0 | R48: 40000000 | S48: 40000000 | T48: 0 | U48: 40000000 | V48: 0 | W48: 0 | X48: 0 | Y48: 40000000
B49: 2.1.8 | C49: IMEB | D49: Cuota de fiscalización y auditaje | G49: 15321058 | H49: 0 | I49: 0 | J49: 0 | K49: 15321058 | L49: 0 | M49: 15321058 | N49: 15321058 | O49: 0 | P49: 0 | Q49: 0 | R49: 15321058 | S49: 15321058 | T49: 0 | U49: 15321058 | V49: 0 | W49: 15321058 | X49: 15321058 | Y49: 0
B50: 2.1.8.04 | C50: IMEB | D50: Contribuciones | G50: 15321058 | H50: 0 | I50: 0 | J50: 0 | K50: 15321058 | L50: 0 | M50: 15321058 | N50: 15321058 | O50: 0 | P50: 0 | Q50: 0 | R50: 15321058 | S50: 15321058 | T50: 0 | U50: 15321058 | V50: 0 | W50: 15321058 | X50: 15321058 | Y50: 0
A51: 210027 | B51: 2.1.8.04.01 | C51: IMEB | D51: Cuota de fiscalización y auditaje | F51: TRM | G51: 15321058 | H51: 0 | I51: 0 | J51: 0 | K51: 15321058 | L51: 0 | M51: 15321058 | N51: 15321058 | O51: 0 | P51: 0 | Q51: 0 | R51: 15321058 | S51: 15321058 | T51: 0 | U51: 15321058 | V51: 0 | W51: 15321058 | X51: 15321058 | Y51: 0
B52: 2.3 | C52: IMEB | D52: Inversión | E52: inversion | G52: 1441250000 | H52: 7.9513956e+09 | I52: 1160049388 | J52: 1136049388 | K52: 9.4166456e+09 | L52: 0 | M52: 6029377144 | N52: 6029377144 | O52: 0 | P52: 3.3872685e+09 | Q52: 0 | R52: 6029377144 | S52: 6029377144 | T52: 3.3872685e+09 | U52: 6029377144 | V52: 0 | W52: 5719402144 | X52: 5719402144 | Y52: 309975000
B53: 2.3.2 | C53: IMEB | D53: Adquisicion de bienes y servicios | G53: 1441250000 | H53: 4.5914332e+09 | I53: 514607486 | J53: 1136049388 | K53: 5.4112413e+09 | L53: 0 | M53: 2238520569 | N53: 2238520569 | O53: 0 | P53: 3.1727208e+09 | Q53: 0 | R53: 2238520569 | S53: 2238520569 | T53: 3.1727208e+09 | U53: 2238520569 | V53: 0 | W53: 1928545569 | X53: 1928545569 | Y53: 309975000
B54: 2.3.2.02 | C54: IMEB | D54: Adquisiciones diferentes de activos. | G54: 0 | H54: 3.796332e+08 | I54: 185172603 | J54: 318041862 | K54: 2.4676394e+08 | L54: 0 | M54: 185172603 | N54: 185172603 | O54: 0 | P54: 61591333 | Q54: 0 | R54: 185172603 | S54: 185172603 | T54: 61591333 | U54: 185172603 | V54: 0 | W54: 185172603 | X54: 185172603 | Y54: 0
B55: 2.3.2.02.01 | C55: IMEB | D55: Materiales y Suministros | G55: 0 | H55: 3.796332e+08 | I55: 185172603 | J55: 318041862 | K55: 2.4676394e+08 | L55: 0 | M55: 185172603 | N55: 185172603 | O55: 0 | P55: 61591333 | Q55: 0 | R55: 185172603 | S55: 185172603 | T55: 61591333 | U55: 185172603 | V55: 0 | W55: 185172603 | X55: 185172603 | Y55: 0
A56: 210093 | B56: 2.3.2.02.01.002 | C56: IMEB | D56: Productos alimenticios, bebidas y tabaco; textiles, prendas de vestir y productos de cuero - BANCA. | E56: CDE | F56: RDB | G56: 0 | H56: 2400000 | I56: 185172603 | J56: 2400000 | K56: 185172603 | L56: 0 | M56: 185172603 | N56: 185172603 | O56: 0 | P56: 0 | Q56: 0 | R56: 185172603 | S56: 185172603 | T56: 0 | U56: 185172603 | V56: 0 | W56: 185172603 | X56: 185172603 | Y56: 0
A57: 210090 | B57: 2.3.2.02.01.004 | C57: IMEB | D57: Productos metálicos y paquetes de software. | E57: CDE | F57: RDB | G57: 0 | H57: 3.720332e+08 | I57: 0 | J57: 310441862 | K57: 61591333 | L57: 0 | M57: 0 | N57: 0 | O57: 0 | P57: 61591333 | Q57: 0 | R57: 0 | S57: 0 | T57: 61591333 | U57: 0 | V57: 0 | W57: 0 | X57: 0 | Y57: 0
A58: 210094 | B58: 2.3.2.02.01.004 | C58: IMEB | D58: Productos metálicos y paquetes de software. BANCA | F58: RDF | G58: 0 | H58: 5200000 | I58: 0 | J58: 5200000 | K58: 0 | L58: 0 | M58: 0 | N58: 0 | O58: 0 | P58: 0 | Q58: 0 | R58: 0 | S58: 0 | T58: 0 | U58: 0 | V58: 0 | W58: 0 | X58: 0 | Y58: 0
B59: 2.3.2.02.02 | C59: IMEB | D59: Adquisición de servicios | G59: 1441250000 | H59: 4211800040 | I59: 329434883 | J59: 818007526 | K59: 5164477397 | L59: 0 | M59: 2053347966 | N59: 2053347966 | O59: 0 | P59: 3111129431 | Q59: 0 | R59: 2053347966 | S59: 2053347966 | T59: 3111129431 | U59: 2053347966 | V59: 0 | W59: 1743372966 | X59: 1743372966 | Y59: 309975000
A60: 210028 | B60: 2.3.2.02.02.006 | C60: IMEB | D60: Servicios de alojamiento; servicios de suministro de comidas y bebidas; servicios de transporte; y servicios de distribución de electricidad, gas y agua - CDE | E60: CDE | F60: TRM | G60: 11781000 | H60: 43500000 | I60: 69909883 | J60: 60000000 | K60: 65190883 | L60: 0 | M60: 55395511 | N60: 55395511 | O60: 0 | P60: 9795372 | Q60: 0 | R60: 55395511 | S60: 55395511 | T60: 9795372 | U60: 55395511 | V60: 0 | W60: 54220511 | X60: 54220511 | Y60: 1175000
A61: 210029 | B61: 2.3.2.02.02.007 | C61: IMEB | D61: Servicios financieros y servicios conexos, servicios inmobiliarios y servicios de leasing- CDE | E61: CDE | F61: TRM | G61: 51975000 | H61: 0 | I61: 90525000 | J61: 0 | K61: 142500000 | L61: 0 | M61: 121514815 | N61: 121514815 | O61: 0 | P61: 20985185 | Q61: 0 | R61: 121514815 | S61: 121514815 | T61: 20985185 | U61: 121514815 | V61: 0 | W61: 121514815 | X61: 121514815 | Y61: 0
A62: 210035 | B62: 2.3.2.02.02.007 | C62: IMEB | D62: Servicios financieros y servicios conexos, servicios inmobiliarios y servicios de leasing- EXPOCUERO 2021 | E62: CDE | F62: APM | G62: 0 | H62: 0 | I62: 24000000 | J62: 0 | K62: 24000000 | L62: 0 | M62: 23205000 | N62: 23205000 | O62: 0 | P62: 795000 | Q62: 0 | R62: 23205000 | S62: 23205000 | T62: 795000 | U62: 23205000 | V62: 0 | W62: 23205000 | X62: 23205000 | Y62: 0
A63: 210095 | B63: 2.3.2.02.02.007 | C63: IMEB | D63: Servicios financieros y servicios conexos, servicios inmobiliarios y servicios de leasing- BANCA | F63: RDB | G63: 0 | H63: 3000000 | I63: 0 | J63: 3000000 | K63: 0 | L63: 0 | M63: 0 | N63: 0 | O63: 0 | P63: 0 | Q63: 0 | R63: 0 | S63: 0 | T63: 0 | U63: 0 | V63: 0 | W63: 0 | X63: 0 | Y63: 0
A64: 210030 | B64: 2.3.2.02.02.007 | C64: IMEB | D64: Servicios financieros y servicios conexos, servicios inmobiliarios y servicios de leasing - COWORKING | E64: COWORKING | F64: TRM | G64: 330000000 | H64: 0 | I64: 0 | J64: 0 | K64: 330000000 | L64: 0 | M64: 330000000 | N64: 330000000 | O64: 0 | P64: 0 | Q64: 0 | R64: 330000000 | S64: 330000000 | T64: 0 | U64: 330000000 | V64: 0 | W64: 307500000 | X64: 307500000 | Y64: 22500000
A65: 210031 | B65: 2.3.2.02.02.009 | C65: IMEB | D65: Servicios para la comunidad, sociales y personales - EMPLEO | E65: EMPLEO | F65: TRM | G65: 155000000 | H65: 53900000 | I65: 0 | J65: 30000000 | K65: 178900000 | L65: 0 | M65: 177199999 | N65: 177199999 | O65: 0 | P65: 1700001 | Q65: 0 | R65: 177199999 | S65: 177199999 | T65: 1700001 | U65: 177199999 | V65: 0 | W65: 177199999 | X65: 177199999 | Y65: 0
A66: 210032 | B66: 2.3.2.02.02.009 | C66: IMEB | D66: Servicios para la comunidad, sociales y personales - CDE | E66: CDE | F66: TRM | G66: 802244000 | H66: 3784000000 | I66: 100000000 | J66: 525607486 | K66: 4160636514 | L66: 0 | M66: 1094740308 | N66: 1094740308 | O66: 0 | P66: 3065896206 | Q66: 0 | R66: 1094740308 | S66: 1094740308 | T66: 3065896206 | U66: 1094740308 | V66: 0 | W66: 888440308 | X66: 888440308 | Y66: 206300000
A67: 210033 | B67: 2.3.2.02.02.009 | C67: IMEB | D67: Servicios para la comunidad, sociales y personales - COWORKING | E67: COWORKING | F67: TRM | G67: 80000000 | H67: 128000000 | I67: 0 | J67: 0 | K67: 208000000 | L67: 0 | M67: 196293333 | N67: 196293333 | O67: 0 | P67: 11706667 | Q67: 0 | R67: 196293333 | S67: 196293333 | T67: 11706667 | U67: 196293333 | V67: 0 | W67: 116293333 | X67: 116293333 | Y67: 80000000
A68: 210034 | B68: 2.3.2.02.02.009 | C68: IMEB | D68: Servicios para la comunidad, sociales y personales - BANCA | E68: BANCA | F68: TRM | G68: 10250000 | H68: 199400040 | I68: 45000000 | J68: 199400040 | K68: 55250000 | L68: 0 | M68: 54999000 | N68: 54999000 | O68: 0 | P68: 251000 | Q68: 0 | R68: 54999000 | S68: 54999000 | T68: 251000 | U68: 54999000 | V68: 0 | W68: 54999000 | X68: 54999000 | Y68: 0
B69: 2.3.6 | C69: IMEB | D69: Adquisicion de activos financieros. | G69: 0 | H69: 3359962401 | I69: 435441862 | J69: 0 | K69: 3795404263 | L69: 0 | M69: 3790856575 | N69: 3790856575 | O69: 0 | P69: 4547688 | Q69: 0 | R69: 3790856575 | S69: 3790856575 | T69: 4547688 | U69: 3790856575 | V69: 0 | W69: 3790856575 | X69: 3790856575 | Y69: 0
B70: 2.3.6.01 | C70: IMEB | D70: Concesión de Préstamos. | G70: 0 | H70: 3359962401 | I70: 435441862 | J70: 0 | K70: 3795404263 | L70: 0 | M70: 3790856575 | N70: 3790856575 | O70: 0 | P70: 4547688 | Q70: 0 | R70: 3790856575 | S70: 3790856575 | T70: 4547688 | U70: 3790856575 | V70: 0 | W70: 3790856575 | X70: 3790856575 | Y70: 0
B71: 2.3.6.01.04. | C71: IMEB | D71: A Personas Naturales. | G71: 0 | H71: 3359962401 | I71: 435441862 | J71: 0 | K71: 3795404263 | L71: 0 | M71: 3790856575 | N71: 3790856575 | O71: 0 | P71: 4547688 | Q71: 0 | R71: 3790856575 | S71: 3790856575 | T71: 4547688 | U71: 3790856575 | V71: 0 | W71: 3790856575 | X71: 3790856575 | Y71: 0
A72: 210091 | B72: 2.3.6.01.04.003 | C72: IMEB | D72: Fondo de Prestamos Banca. | E72: BANCA | F72: RDB | G72: 0 | H72: 3359962401 | I72: 435441862 | J72: 0 | K72: 3795404263 | L72: 0 | M72: 3790856575 | N72: 3790856575 | O72: 0 | P72: 4547688 | Q72: 0 | R72: 3790856575 | S72: 3790856575 | T72: 4547688 | U72: 3790856575 | V72: 0 | W72: 3790856575 | X72: 3790856575 | Y72: 0
B73: 2.3.7 | C73: IMEB | D73: Disminución de Pasivos. | G73: 0 | H73: 0 | I73: 210000040 | J73: 0 | K73: 210000040 | L73: 0 | M73: 0 | N73: 0 | O73: 0 | P73: 210000040 | Q73: 0 | R73: 0 | S73: 0 | T73: 210000040 | U73: 0 | V73: 0 | W73: 0 | X73: 0 | Y73: 0
B74: 2.3.7.05 | C74: IMEB | D74: Programación de Saneamiento fiscal y financiero | G74: 0 | H74: 0 | I74: 210000040 | J74: 0 | K74: 210000040 | L74: 0 | M74: 0 | N74: 0 | O74: 0 | P74: 210000040 | Q74: 0 | R74: 0 | S74: 0 | T74: 210000040 | U74: 0 | V74: 0 | W74: 0 | X74: 0 | Y74: 0
A75: 210096 | B75: 2.3.7.05.03 | C75: IMEB | D75: Pago de Déficit fiscal, de pasivo laboral y prestacional en programas de saneamiento fiscal y financiero- Pasivo Exigible Vigencia expirada | E75: BANCA | F75: APM | G75: 0 | H75: 0 | I75: 210000040 | J75: 0 | K75: 210000040 | L75: 0 | M75: 0 | N75: 0 | O75: 0 | P75: 210000040 | Q75: 0 | R75: 0 | S75: 0 | T75: 210000040 | U75: 0 | V75: 0 | W75: 0 | X75: 0 | Y75: 0
A78: PROYECTO | D78: CDE | K78: =+K56+K57+K60+K61+K62+K66 -> 4.6390913e+09 | S78: =+S56+S57+S60+S61+S62+S66 -> 1480028237 | X78: =+X56+X57+X60+X61+X62+X66 -> 1272553237 | Y78: =+Y56+Y57+Y60+Y61+Y62+Y66 -> 207475000
D79: COWORKING | K79: =+K64+K67 -> 538000000 | S79: =+S64+S67 -> 526293333 | X79: =+X64+X67 -> 423793333 | Y79: =+Y64+Y67 -> 102500000
D80: EMPLEO | K80: =+K65 -> 178900000 | S80: =+S65 -> 177199999 | X80: =+X65 -> 177199999 | Y80: =+Y65 -> 0
D81: BANCA-CREDITOS | K81: =+K72+K68-K82 -> 3535654263 | S81: =+S72+S68-S82 -> 3530855575 | X81: =+X72+X68-X82 -> 3530855575 | Y81: =+Y72+Y68-Y82 -> 0
D82: BANCA-VICTIMAS (CREDITOS CONDONABLES) | K82: 315000000 | N82: 315000000 | S82: 315000000 | X82: 315000000
D83: BANCA-PASIVO EXIGIBLE | K83: =+K75 -> 210000040 | S83: 0 | X83: 0 | Y83: 0
A85: RUBRO | B85: =+B56 -> 2.3.2.02.01.002 | D85: Productos alimenticios, bebidas y tabaco; textiles, prendas de vestir y productos de cuero | K85: =+K56 -> 185172603 | S85: =+S56 -> 185172603 | X85: =+X56 -> 185172603 | Y85: =+Y56 -> 0
B86: =+B57 -> 2.3.2.02.01.004 | D86: Productos metálicos y paquetes de software. | K86: =+K57 -> 61591333 | S86: =+S57 -> 0 | X86: =+X57 -> 0 | Y86: =+Y57 -> 0
B87: =+B60 -> 2.3.2.02.02.006 | D87: Servicios de alojamiento; servicios de suministro de comidas y bebidas; servicios de transporte; y servicios de distribución de electricidad, gas y agua | K87: =+K60 -> 65190883 | S87: =+S60 -> 55395511 | X87: =+X60 -> 54220511 | Y87: =+Y60 -> 1175000
B88: =+B61 -> 2.3.2.02.02.007 | D88: Servicios financieros y servicios conexos, servicios inmobiliarios y servicios de leasing | K88: =+K61+K62+K64 -> 496500000 | S88: =+S61+S62+S64 -> 474719815 | X88: =+X61+X62+X64 -> 452219815 | Y88: =+Y61+Y62+Y64 -> 22500000
B89: =+B65 -> 2.3.2.02.02.009 | D89: Servicios para la comunidad, sociales y personales | K89: =+K65+K66+K67+K68 -> 4602786514 | S89: =+S65+S66+S67+S68 -> 1523232640 | X89: =+X65+X66+X67+X68 -> 1236932640 | Y89: =+Y65+Y66+Y67+Y68 -> 286300000
B90: =+B72 -> 2.3.6.01.04.003 | D90: Fondo de Prestamos Banca. | K90: =+K72 -> 3795404263 | S90: =+S72 -> 3790856575 | X90: =+X72 -> 3790856575 | Y90: =+Y72 -> 0
B91: =+B75 -> 2.3.7.05.03 | D91: Pago de Déficit fiscal, de pasivo laboral y prestacional en programas de saneamiento fiscal y financiero- Pasivo Exigible Vigencia expirada | K91: =+K75 -> 210000040 | S91: =+S75 -> 0 | X91: =+X75 -> 0 | Y91: =+Y75 -> 0

Sheet ING_DIC
A1: INSTITUTO MUNICIPAL DE EMPLEO Y FOMENTO EMPRESARIAL - IMEBU
A2: NIT: 00804014968 - 1
A3: EJECUCION PRESUPUESTAL DE INGRESOS
A4: Periodo comprendido entre 01-01-2021 y 31-12-2021
A7: Rubro Presupuestales | B7: Descripción | C7: Presupuesto Inicial | D7: Adiciones | E7: Presupuesto Definitivo | F7: Recaudos Enero | G7: Recaudos Febrero | H7: Recaudos Marzo | I7: Recaudos Abril | J7: Recaudos Mayo | K7: Recaudos Junio | L7: Recaudos Julio | M7: Recaudos Agosto | N7: Recaudos Septiembre | O7: Recaudos Octubre | P7: Recaudos Noviembre | Q7: Recaudos Diciembre | R7: Recaudos Mes Actual | S7: Devoluciones | T7: Total Recaudos | U7: Saldo Por Recaudar
A8: 1 | B8: Ingresos | C8: 4009300000 | D8: 7.994826e+09 | E8: 1.2004126e+10 | F8: 3.3619621e+08 | G8: 3.3613302e+08 | H8: 3.3628094e+08 | I8: 3.3632027e+08 | J8: 1.6294387e+09 | K8: 3.3642623e+08 | L8: 9.9114263e+08 | M8: 3.375823e+08 | N8: 3.380441e+08 | O8: 3.3805557e+08 | P8: 3.3702612e+08 | Q8: 6.3409469e+09 | R8: 1.1993593e+10 | S8: 0 | T8: 1.1993593e+10 | U8: 10533000
A9: 1.1. | B9: Ingresos Corrientes | C9: 4000000000 | D9: 6654000000 | E9: 10654000000 | F9: 333333333 | G9: 333333333 | H9: 333333333 | I9: 333333333 | J9: 333333333 | K9: 333333333 | L9: 987333333 | M9: 333333333 | N9: 333333333 | O9: 333333333 | P9: 333333333 | Q9: 6333333337 | R9: 10654000000 | S9: 0 | T9: 10654000000 | U9: 0
A10: 1.1.02 | B10: Ingresos No Tributarios | C10: 4000000000 | D10: 6654000000 | E10: 10654000000 | F10: 333333333 | G10: 333333333 | H10: 333333333 | I10: 333333333 | J10: 333333333 | K10: 333333333 | L10: 987333333 | M10: 333333333 | N10: 333333333 | O10: 333333333 | P10: 333333333 | Q10: 6333333337 | R10: 10654000000 | S10: 0 | T10: 10654000000 | U10: 0
A11: 1.1.02.06. | B11: Transferencias Corrientes | C11: 4000000000 | D11: 6654000000 | E11: 10654000000 | F11: 333333333 | G11: 333333333 | H11: 333333333 | I11: 333333333 | J11: 333333333 | K11: 333333333 | L11: 987333333 | M11: 333333333 | N11: 333333333 | O11: 333333333 | P11: 333333333 | Q11: 6333333337 | R11: 10654000000 | S11: 0 | T11: 10654000000 | U11: 0
A12: 1.1.02.06.006. | B12: Transferencias de otras entidades del gobierno nacional | C12: 4000000000 | D12: 6654000000 | E12: 10654000000 | F12: 333333333 | G12: 333333333 | H12: 333333333 | I12: 333333333 | J12: 333333333 | K12: 333333333 | L12: 987333333 | M12: 333333333 | N12: 333333333 | O12: 333333333 | P12: 333333333 | Q12: 6333333337 | R12: 10654000000 | S12: 0 | T12: 10654000000 | U12: 0
A13: 1.1.02.06.006.06 | B13: Otras unidades de gobierno | C13: 4000000000 | D13: 6654000000 | E13: 10654000000 | F13: 333333333 | G13: 333333333 | H13: 333333333 | I13: 333333333 | J13: 333333333 | K13: 333333333 | L13: 987333333 | M13: 333333333 | N13: 333333333 | O13: 333333333 | P13: 333333333 | Q13: 6333333337 | R13: 10654000000 | S13: 0 | T13: 10654000000 | U13: 0
A14: 1.2 | B14: Recursos de Capital | C14: 9300000 | D14: 1.340826e+09 | E14: 1.350126e+09 | F14: 2862879.3 | G14: 2799686.3 | H14: 2947608.1 | I14: 2986935.8 | J14: 1.2961053e+09 | K14: 3092896.1 | L14: 3809295.9 | M14: 4248971.5 | N14: 4710769.8 | O14: 4722236.5 | P14: 3692785.9 | Q14: 7613603.7 | R14: 1.339593e+09 | S14: 0 | T14: 1.339593e+09 | U14: 10533000
A15: 1.2.02 | B15: Excedente Financiero | C15: 0 | D15: 1.2928479e+09 | E15: 1.2928479e+09 | F15: 0 | G15: 0 | H15: 0 | I15: 0 | J15: 1.2928479e+09 | K15: 0 | L15: 0 | M15: 0 | N15: 0 | O15: 0 | P15: 0 | Q15: 0 | R15: 1.2928479e+09 | S15: 0 | T15: 1.2928479e+09 | U15: 0
A16: 1.2.02.01 | B16: Establecimientos Públicos | C16: 0 | D16: 1.2928479e+09 | E16: 1.2928479e+09 | F16: 0 | G16: 0 | H16: 0 | I16: 0 | J16: 1.2928479e+09 | K16: 0 | L16: 0 | M16: 0 | N16: 0 | O16: 0 | P16: 0 | Q16: 0 | R16: 1.2928479e+09 | S16: 0 | T16: 1.2928479e+09 | U16: 0
A17: 1.2.05 | B17: Rendimientos financieros | C17: 9300000 | D17: 47978052 | E17: 57278052 | F17: 2862879.3 | G17: 2799686.3 | H17: 2947608.1 | I17: 2986935.8 | J17: 3257383.6 | K17: 3092896.1 | L17: 3809295.9 | M17: 4248971.5 | N17: 4710769.8 | O17: 4722236.5 | P17: 3692785.9 | Q17: 7613603.7 | R17: 46745052 | S17: 0 | T17: 46745052 | U17: 10533000
A18: 1.2.05.02 | B18: Depositos | C18: 9300000 | D18: 47978052 | E18: 57278052 | F18: 2862879.3 | G18: 2799686.3 | H18: 2947608.1 | I18: 2986935.8 | J18: 3257383.6 | K18: 3092896.1 | L18: 3809295.9 | M18: 4248971.5 | N18: 4710769.8 | O18: 4722236.5 | P18: 3692785.9 | Q18: 7613603.7 | R18: 46745052 | S18: 0 | T18: 46745052 | U18: 10533000

Sheet Resumen ejecucion
A1: Descripción | B1: Presupuesto Definitivo | C1: Total Recaudos
A2: Ingresos Corrientes | B2: 10654000000 | C2: 10654000000
A3: Recursos de Capital | B3: 1.350126e+09 | C3: 1.339593e+09
A4: Total Ingresos | B4: 1.2004126e+10 | C4: 1.1993593e+10
A6: Descripción | B6: Presupuesto Definitivo | C6: Total Ejecutado
A7: Gastos de personal | B7: 1371476019 | C7: 1313192868
A8: Adquisición de bienes y servicios | B8: 1160683287 | C8: 1076327825
A9: Sentencias y Conciliaciones | B9: 40000000 | C9: 40000000
A10: Cuota de fiscalización y auditaje | B10: 15321058 | C10: 15321058
A11: Total Gastos Funcionamiento | B11: 2587480364 | C11: 2444841751
A13: Descripción | B13: Presupuesto Definitivo | C13: Total Ejecutado
A14: Productos alimenticios, bebidas y tabaco; textiles, prendas de vestir y productos de cuero | B14: 185172603 | C14: 185172603
A15: Productos metálicos y paquetes de software. | B15: 61591333 | C15: 0
A16: Servicios de alojamiento; servicios de suministro de comidas y bebidas; servicios de transporte; y servicios de distribución de electricidad, gas y agua | B16: 65190883 | C16: 55395511
A17: Servicios financieros y servicios conexos, servicios inmobiliarios y servicios de leasing | B17: 496500000 | C17: 474719815
A18: Servicios para la comunidad, sociales y personales | B18: 4602786514 | C18: 1523232640
A19: Fondo de Prestamos Banca. | B19: 3795404263 | C19: 3790856575
A20: Pago de Déficit fiscal, de pasivo laboral y prestacional en programas de saneamiento fiscal y financiero- Pasivo Exigible Vigencia expirada | B20: 210000040 | C20: 0
A21: Total Gastos Inversión | B21: =+SUM(B14:B20) -> 9.4166456e+09 | C21: =+SUM(C14:C20) -> 6029377144
A23: Total Gastos | B23: =+B11+B21 -> 1.2004126e+10 | C23: =+C11+C21 -> 8474218895
